Cogmind - Beta 14 @@@ ROGUE MODE // 2024.09.08 @ 13:09:46 Player: Awoo-Bot Result: Destroyed by FZ-9JK(R) with Subdweller Laser Performance ------------- Evolutions (0) 0 Regions Visited (2) 400 Robots Destroyed (22) 110 Value Destroyed (479) 479 Prototype IDs (0) 0 Alien Tech Used (0) 0 Bonus (0) 0 TOTAL SCORE: 989 Bonus ------- None Cogmind --------- Core Integrity 0/250 Matter 39/300 Energy 100/100 System Corruption 5% Temperature Cool (6) Movement Rolling (120) Ox1 Location -10/Subcaves Parts ------- > --- POWER (1) -------- (None) > --- PROPULSION (2) --- Subdweller Monowheel > --- UTILITY (2) ------ Large Storage Unit Makeshift Light Armor Plating > --- WEAPON (2) ------- (None) > --- INVENTORY (15) --- Subdweller Power Source Wheel Light Assault Rifle Light Cannon Datajack Peak State ------------ > --- POWER ------------ Light Ion Engine > --- PROPULSION ------- Improved Treads Subdweller Monowheel > --- UTILITY ---------- Large Storage Unit Makeshift Light Armor Plating > --- WEAPON ----------- Rocket Launcher Subdweller Shrapnel Launcher > --- INVENTORY -------- Subdweller Power Source Wheel Light Assault Rifle Light Cannon Datajack [Rating: 14] Favorites ----------- Power Ion Engine Engine Ion Engine Propulsion Improved Treads Treads Improved Treads Wheel Compact Wheel Utility Large Storage Unit Device Seismic Detector Storage Large Storage Unit Protection Makeshift Light Armor Plating Weapon Light Cannon Energy Gun Medium Laser Ballistic Gun Light Assault Rifle Ballistic Cannon Light Cannon Launcher Rocket Launcher Build | -11 -10 -10 ------- Run | Yrd Mat Sub Slots Evolved . | . . . Power . | . . . Propulsion . | . . . Utility . | . . . Weapon . | . . . Parts Attached 42 | 7 21 14 Power 4 | 1 2 1 Engine 4 | 1 2 1 Core . | . . . Reactor . | . . . Propulsion 8 | 2 3 3 Treads 4 | 1 2 1 Leg . | . . . Wheel 4 | 1 1 2 Hover . | . . . Flight . | . . . Utility 9 | 2 4 3 Device 6 | 1 3 2 Storage 2 | 1 1 . Processor . | . . . Hackware . | . . . Protection 1 | . . 1 Artifact . | . . . Weapon 21 | 2 12 7 Energy Gun 5 | 2 3 . Energy Cannon . | . . . Ballistic Gun 2 | . . 2 Ballistic Cannon 6 | . 4 2 Launcher 8 | . 5 3 Special Weapon . | . . . Impact Weapon . | . . . Slashing Weapon . | . . . Piercing Weapon . | . . . Special Melee Weapon . | . . . Unidentified Prototypes . | . . . Parts Lost 11 | . . 11 Power 2 | . . 2 Propulsion 3 | . . 3 Utility 3 | . . 3 Weapon 3 | . . 3 Highest Loss Streak 6 | . . 6 To Critical Strikes . | . . . Average Slot Usage (%) 98 | . 99 95 Engine 13 | . 14 13 Treads 13 | . 13 14 Wheel 13 | . 14 13 Device 11 | . 14 3 Storage 14 | . 14 14 Protection 1 | . . 7 Energy Gun 15 | . 19 3 Ballistic Gun 2 | . . 11 Ballistic Cannon 8 | . 8 10 Peak Build Rating 14 | 7 10 14 Average Rating 9 | 5 9 10 On Entrance 5 | . 7 9 Naked Turns . | . . . Heaviest Build 39 | 13 33 39 Greatest Support 23 | 16 23 23 Greatest Overweight (x) 8 | . 3 8 Average Overweight (x) 1 | . 2 1 Largest Inventory Capacity 15 | 8 15 15 Average Capacity 14 | 6 14 15 Most Carried 10 | 5 10 9 Average Carried 7 | 2 7 5 Final Capacity 15 | 8 15 15 Final Carried 9 | 5 9 5 Class Distribution -------------------- 100% | Mutant Dominant Class ---------------- Mutant | -10/Materials Mutant | -10/Subcaves Resources | -11 -10 -10 ----------- Run | Yrd Mat Sub Matter Collected 514 | 122 258 134 Remotely . | . . . Salvage Created 409 | 29 258 122 Parts 46 | 6 29 11 Haulers Intercepted . | . . . Recyclers Shooed 1 | 1 . . Parts Field Recycled . | . . . Retrieved Matter . | . . . Parts Self-Destructed 8 | . . 8 Prevented . | . . . Kills | -11 -10 -10 ------- Run | Yrd Mat Sub Combat Hostiles Destroyed 18 | . 14 4 Guns 6 | . 3 3 Cannons 2 | . 1 1 AOE 10 | . 10 . Classes Destroyed 5 | 1 3 1 Tunneler 2 | 2 . . Watcher 2 | . 2 . Swarmer 9 | . 9 . Grunt 5 | . 5 . Subdweller 4 | . . 4 Best Kill Streak 4 | 2 4 1 Combat Bots Only 4 | . 4 1 Max Kills in Single Turn 3 | 1 3 1 Gunslinging . | . . . Exploded 3 | . 3 . Melee . | . . . Uniques/NPCs Destroyed . | . . . Combat | -11 -10 -10 -------- Run | Yrd Mat Sub Hostile Shots Fired 96 | . 46 50 Missed 17 | . 8 9 Damage Taken 1521 | . 461 1060 Core 265 | . 65 200 Absorbed by Shields . | . . . Core Remaining (%) 100 | 100 . . Volleys Fired 75 | 3 45 27 Largest 2 | 2 2 2 Hottest 85 | 80 85 85 Shots Fired 113 | 6 56 51 Gun 84 | 6 36 42 Cannon 16 | . 9 7 Launcher 13 | . 11 2 Special . | . . . Kinetic 54 | . 9 45 Thermal 46 | 6 36 4 Explosive 13 | . 11 2 Electromagnetic . | . . . Robot Hit Streak 24 | 3 8 24 Robot Miss Streak 3 | 1 3 1 Penetration Max . | . . . Secondary Targets . | . . . Shots Hit Robots 74 | 4 28 42 Core Hits 36 | 2 22 12 Critical Kills . | . . . Critical Parts Destroyed . | . . . Critical Strikes 1 | . 1 . Blast 1 | . 1 . Melee Attacks . | . . . Impact . | . . . Slashing . | . . . Piercing . | . . . Sneak Attacks . | . . . Combat Hostiles . | . . . Follow-up Attacks . | . . . Damage Inflicted 1463 | 44 935 484 Guns 616 | 44 266 306 Cannons 113 | . 31 82 Explosions 717 | . 634 83 Melee . | . . . Ramming 17 | . 4 13 Kinetic 380 | . 31 349 Thermal 349 | 44 266 39 Explosive 717 | . 634 83 Electromagnetic . | . . . Impact . | . . . Slashing . | . . . Piercing . | . . . Highest Corruption 5 | . . 5 Average Corruption 5 | . . 5 Corruption Purged . | . . . Corruption Blocked . | . . . Effects 1 | . . 1 Parts Rejected 1 | . . 1 Overload Shots . | . . . Overflow Damage 8 | . 8 . Projectiles . | . . . Explosions 8 | . 8 . Melee . | . . . Knockbacks 1 | . 1 . Impact . | . . . Kinetic 1 | . 1 . Secondary . | . . . Self-Inflicted Damage 60 | . 54 6 Shots 2 | . 2 . Rammed 10 | . 5 5 Targets Rammed 10 | . 5 5 Kicked . | . . . Crushed . | . . . Highest Temperature 234 | 18 177 234 Average Temperature 60 | 12 58 148 Received Heat Transfer 709 | . 186 523 Siege Activations . | . . . Robots Corrupted . | . . . Combat Hostiles . | . . . Parts Fried . | . . . Impact Corruptions . | . . . Robots Melted . | . . . Combat Hostiles . | . . . Parts Melted 1 | . 1 . Heat Transferred 905 | 100 694 111 Parts Sabotaged . | . . . Parts Stolen . | . . . Parts Stripped . | . . . Power Chain Reactions . | . . . Alert | -11 -10 -10 ------- Run | Yrd Mat Sub Peak Influence 244 | 10 244 . Initial 6 | . 6 . Average 82 | 3 85 . Maximum Alert Level 1 | . 1 . Low Security (%) 94 | 100 94 . Level 1 5 | . 5 . Level 2 . | . . . Level 3 . | . . . Level 4 . | . . . Level 5 . | . . . High Security . | . . . Max Security . | . . . Squads Dispatched 1 | . 1 . Investigation 1 | . 1 . Extermination . | . . . Reinforcement . | . . . Assault . | . . . Garrison . | . . . Intercept . | . . . Searches Triggered . | . . . Construction Impeded . | . . . Haulers Reinforced . | . . . Active Scanning Responses . | . . . Cargo Convoy Interrupts . | . . . Stealth | -11 -10 -10 --------- Run | Yrd Mat Sub Distress Signals 3 | . 3 . Communications Jammed . | . . . Distress Signals . | . . . Times Spotted 29 | . 23 6 Peak Tracking Total 4 | . 4 2 Tactical Retreats . | . . . Traps | -11 -10 -10 ------- Run | Yrd Mat Sub Traps Triggered 3 | . 2 1 Indirectly . | . . . Trap Hack Attempts . | . . . Triggered . | . . . Disarmed . | . . . Reprogrammed . | . . . Reused . | . . . Traps Extracted . | . . . Installed . | . . . Triggered . | . . . Machines | -11 -10 -10 ---------- Run | Yrd Mat Sub Machines Disabled 1 | . 1 . Max in Single Turn 1 | . 1 . Machines Repaired . | . . . Machines Dismantled . | . . . Machines Sabotaged . | . . . Overloaded Fab Kills . | . . . Hacking | -11 -10 -10 --------- Run | Yrd Mat Sub Machines Accessed 8 | . 8 . Terminals 8 | . 8 . Fabricators . | . . . Repair Stations . | . . . Recycling Units . | . . . Scanalyzers . | . . . Garrison Access . | . . . Total Hacks 23 | . 23 . Successful 18 | . 18 . Failed 4 | . 4 . Catastrophic 1 | . 1 . Database Lockouts 1 | . 1 . Manual 24 | . 24 . Terminals 23 | . 23 . Fabricators . | . . . Repair Stations . | . . . Recycling Units . | . . . Scanalyzers . | . . . Garrison Access . | . . . Terminal Hacks 4 | . 4 . Robot Analysis 2 | . 2 . Unreport Threat 1 | . 1 . Recall Investigation 1 | . 1 . Fabricator Hacks . | . . . Repair Station Hacks . | . . . Recycling Unit Hacks . | . . . Scanalyzer . | . . . Garrison Access Hacks . | . . . Unauthorized Hacks 14 | . 14 . Terminals 14 | . 14 . Assimilate 1 | . 1 . Botnet 8 | . 8 . Skim 5 | . 5 . Fabricators . | . . . Repair Stations . | . . . Recycling Units . | . . . Scanalyzers . | . . . Garrison Access . | . . . Data Cores Recovered . | . . . Used . | . . . Hacking Detections 8 | . 8 . Full Trace Events . | . . . Feedback Events . | . . . Feedback Blocked . | . . . Robot Schematics Acquired . | . . . Robots Built . | . . . Authchips . | . . . Time . | . . . Total Robot Build Rating . | . . . Part Schematics Acquired . | . . . Parts Built . | . . . Authchips . | . . . Time . | . . . Total Part Build Rating . | . . . Parts Repaired . | . . . Time . | . . . Parts Recycled . | . . . Recycled Matter . | . . . Retrieved Matter . | . . . Retrieved Components . | . . . Parts Scanalyzed . | . . . Part Schematics Acquired . | . . . Parts Damaged . | . . . Bothacking | -11 -10 -10 ------------ Run | Yrd Mat Sub Used RIF Installer . | . . . Robots Hacked . | . . . Non-combat . | . . . Combat . | . . . Robot Hacks Applied . | . . . Relay Couplers Released . | . . . Fabnet Peak Effective % . | . . . Robots Rewired . | . . . Allies Hacked . | . . . Hacks Repelled . | . . . Allies | -11 -10 -10 -------- Run | Yrd Mat Sub Total Allies 1 | . 1 . Largest Group 1 | . 1 1 Highest-Rated Group 10 | . 10 10 Highest-Rated Ally 10 | . 10 10 Total Orders 14 | . 11 3 STAY 7 | . 5 2 FOLLOW 7 | . 6 1 Ally Attacks . | . . . Total Damage . | . . . Kills . | . . . Allies Corrupted . | . . . Allies Melted . | . . . Intel | -11 -10 -10 ------- Run | Yrd Mat Sub Robot Analysis Total 2 | . 2 . Derelict Logs Recovered 2 | . . 2 Drone Launches . | . . . Drone Recoveries . | . . . Exploration | -11 -10 -10 ------------- Run | Yrd Mat Sub Turns Passed 2884 | 80 2187 617 Spaces Moved 1563 | 57 1092 414 Core 4 | 2 . 2 Treads 424 | . 415 9 Legs . | . . . Wheels 1135 | 55 677 403 Hover . | . . . Flight . | . . . Fastest Speed 50 | 50 100 110 Average Speed 152 | 98 166 123 Slowest Speed 450 | 100 240 450 Overloaded Moves . | . . . Propulsion Burnouts . | . . . Robots Hopped . | . . . Cave-ins Triggered . | . . . Exploration Rate (%) 44 | 6 94 34 Regions Visited 2 Branch Regions 1 Pre-discovered Areas 3 | . 3 . Known Exits Taken 1 | . 1 . Unknown Exits Taken 1 | 1 . . Scrap Searched . | . . . Spaces Dug 13 | . 13 . Terrain Destroyed 101 | . 84 17 Melee . | . . . Projectile . | . . . AOE 101 | . 84 17 Terrain Rammed . | . . . Walls Destroyed . | . . . Machines Disabled . | . . . Actions | -11 -10 -10 --------- Run | Yrd Mat Sub Total 1938 | 71 1395 472 Wait 215 | . 215 . Move 1561 | 56 1091 414 Hop . | . . . Pick Up 14 | 5 7 2 Fast Attach 11 | 7 2 2 Attach 8 | . 1 7 Detach 1 | . 1 . Swap 23 | . 18 5 Drop 11 | . 10 1 Fire 75 | 3 45 27 Melee . | . . . Ram 5 | . . 5 Kick . | . . . Crush 5 | . 5 . Escape Stasis . | . . . Rewire 9 | . . 9 Trap . | . . . Miscellaneous . | . . . Route ------- -11/Scrapyard -10/Materials (discovered 5 exits: *Mat x3 / *Min / *Sub) -10/Subcaves (discovered 2 exits: [*Mat] / Rec) History --------- Turn | Location | Event 18 | -11/Scrapyard | Discovered new exit (range 16) 81 | -11/Scrapyard | Entered Materials 306 | -10/Materials | Build established: Mutant 944 | -10/Materials | Discovered new exit (range 15) 1269 | -10/Materials | Discovered new exit (range 12) 1617 | -10/Materials | Discovered new exit (range 16) 2006 | -10/Materials | Identified exit to Materials 2006 | -10/Materials | Identified exit to Mines 2006 | -10/Materials | Identified exit to Subcaves 2041 | -10/Materials | Learned 4 Subcaves zone layouts 2068 | -10/Materials | Learned 4 Subcaves zone layouts 2088 | -10/Materials | Learned location of Storage (-9) 2090 | -10/Materials | Learned 2 Storage zone layouts 2091 | -10/Materials | Learned 2 Materials zone layouts 2093 | -10/Materials | Learned location of Mines (-9) 2137 | -10/Materials | Central database locked down 2268 | -10/Materials | Entered Subcaves 2268 | -10/Subcaves | Accompanied by 1 ally 2269 | -10/Subcaves | Identified exit to Recycling 2287 | -10/Subcaves | A swath of the cavern ceiling suddenly collapsed 2416 | -10/Subcaves | Core integrity fell below 50% 2462 | -10/Subcaves | Lost 6 parts (1p2n1u2w) 2470 | -10/Subcaves | Shifting Twisted Machinery released Mak. Light Armor Plating 2487 | -10/Subcaves | Core integrity fell below 20% 2563 | -10/Subcaves | Shifting Twisted Machinery released Sub. Shrapnel Launcher 2594 | -10/Subcaves | Learned 4 Materials zone layouts 2645 | -10/Subcaves | Learned Materials emergency access door positions 2737 | -10/Subcaves | Discovered new exit (range 5) 2885 | -10/Subcaves | Destroyed by FZ-9JK(R) with Subdweller Laser Last Messages --------------- 02684_ Attempting to rewire 71-V5Q(R). 02684_ 71-V5Q(R) is broken beyond repair. 02685_ Attempting to rewire 0K-K8J(R). 02685_ 0K-K8J(R) is broken beyond repair. 02686_ Attempting to rewire 71-V5Q(R). 02686_ 71-V5Q(R) is broken beyond repair. 02697_ NO-6FO(u) builds Twisted Machinery. 02737_ EXIT=FOUND 02746_ NO-6FO(u) builds Twisted Machinery. 02879_ Slammed into FZ-9JK(R). 02879_ Rocket Launcher destroyed. 02879_ System corrupted by crushing effect (+5). 02880_ Slammed into FZ-9JK(R). 02881_ System corrupted: Sub. Shrapnel Launcher rejected. 02881_ Imp. Treads destroyed. 02882_ Slammed into QU-EUF(R). 02882_ Destabilizing: Core damaged (-2). 02883_ Slammed into QU-EUF(R). 02883_ Lgt. Ion Engine destroyed. 02884_ Slammed into QU-EUF(R). Map ----- +----------------------------------------------------+ | ?????????????????????????????????????????????????# | | ?????????????????????????????????????????????????# | | ?????????????????????????????????????????????????# | | ?????????????????????????????????????????????????? | | ?????????????????????????????????????????????????? | | ??????????????????????????????????????##??????#### | | ????????????????????????????????????### ?###### | | ???????????????????????????????????## ## | | ???????????????????????????????????? | | ????????????????????????????????????? #?# | | ?????????????????????????????????????# #?????? | | ?????????????????????????????????????# #?????? | | ??????????????????????????????????????# #?????? | | ?????????????????????????????????????## #?????# | | ?????????????????????????????????????# ####### | | ???????????????#######????????#??????# | | ???????????????# ###?????? ###????# | | ???????????????# ##????? ?????## | | ???????????????## ##????# ??????# | | ???????????????## ##??## ??????# ## | | ???????????????# #?## #??????# ##### | | ?????? ????????## #?# ##???### #### | | ????# ????????## #??# ##### ### | | ????# ?????????##### R ##?# ## "## | | ????# ????????????## ] R### " | | ?# ## #?????????# @### ## | | ## #?#####??## #### ## #### | | # #?# #### ### ### ## ##?# # | | ##?# ## ###### ##?# # | | ## ##?## #### #???# #### # | | ###### #### ### #??## # ## | | #????# ## ## ##?# # | | #????# %/ ## ### # # ## | | #???## ### ## #####? | | ##?## ### #### ##????? | | # ### #### #??####?????? | | # ### ### ### #???????????? | | ## #?## ##???????????? | | #####??### ##????????????? | | # ### ### ##????????## ##?????????????? | | #######?#####?########??????????###??????????????? | | ?????????????????????????????????????????????????? | | ?????????????????????????????????????????????????? | | ?????????????????????????????????????????????????? | | ?????????????????????????????????????????????????? | | ?????????????????????????????????????????????????? | | ?????????????????????????????????????????????????? | | ?????????????????????????????????????????????????? | | ?????????????????????????????????????????????????? | | ?????????????????????????????????????????????????? | +----------------------------------------------------+ Best States ------------- Heat Dissipation 25 Energy Generation 10 Energy Capacity 250 Matter Stores 202 Matter Capacity 300 Sight Range 16 Robot Scan Range 14 Terrain Scan Density 10 Armor Coverage 100 Evasion (%) 40 Recoil Reduction 1 Item Schematics ----------------- None Robot Schematics ------------------ None Fabricated ------------ Nothing Alien Tech Used ----------------- None Achievements -------------- None Challenges ------------ None Game ------ Seed OvertunedGravityManipulator Manual? 0 Play Time 00:25:34 Cumulative 68.6 hours Start 2024.09.08 @ 12:20:29 End 2024.09.08 @ 13:09:46 Sessions 3 Manual Loads 0 Difficulty Rogue Special Mode None Game No. 110 Rogue 82 Adventurer 28 Explorer 0 Win Type - Total 0 Types 0/0/0/0/0/0/0/0/0 Lore% 14 Gallery% 28 Achievement% 31 Wizard Run 0 Options --------- Layout 0 ASCII 0 Keyboard 0 Movement Mouse Keybinds 0 Fullscreen 1 Font 28/SmallcapsGlow Map View 84x54 Zoom Use 0% Tactical HUD 1 Map Filters NONE Filters NONE Steam 1 RUN: 6d5f7903-1566-40c7-a591-93c53df47313